 Dungeon Crawl Stone Soup version 0.18.1-1-g2f07953 (webtiles) character file.

51 oplop the Insei (level 3, -1/24 HPs)
             Began as an Octopode Transmuter on May 7, 2016.
             Slain by a goblin (3 damage)
             ... led by Robin
             ... on level 2 of the Dungeon.
             The game lasted 00:01:31 (1640 turns).

oplop the Insei (Octopode Transmuter)               Turns: 1640, Time: 00:01:33

Health: -1/24      AC:  1    Str: 14    XL:     3   Next: 81%
Magic:  6/6        EV: 13    Int: 21    God:
Gold:   91         SH:  0    Dex: 12    Spells: 1 memorised, 5 levels left

rFire  . . .     SeeInvis .       - Unarmed
rCold  . . .     Gourm    .     (no shield)
rNeg   . . .     Faith    .     (helmet restricted)
rPois  .         Spirit   .     (no amulet)
rElec  .         Dismiss  .     (no ring)
rCorr  .         Reflect  .     (no ring)
SustAt .         Harm     .     (no ring)
MR     .....                    (no ring)
Stlth  ++........               (no ring)
                                (no ring)
                                (no ring)
                                (no ring)

@: mighty, brilliant, not resistant to hostile enchantments, unstealthy
A: almost no armour, amphibious, 8 rings, constrict 8, camouflage 1, gelatinous
body 1
a: no special abilities


You were on level 2 of the Dungeon.
You were hungry.

You visited 1 branch of the dungeon, and saw 2 of its levels.

You collected 91 gold pieces.

Inventory:

Missiles
 a - 38 arrows
Armour
 e - a +0 buckler
Scrolls
 f - a scroll of remove curse {unknown}
 h - a scroll of random uselessness {unknown}
 i - a scroll of recharging {unknown}
 l - a scroll of identify {unknown}
Potions
 d - 2 potions of might
Books
 b - a book of Changes

   Spells                             Type                      Level
   a - Beastly Appendage              Transmutation                1
   b - Sticks to Snakes               Transmutation                2
   c - Spider Form                    Transmutation/Poison         3
   d - Ice Form                       Ice/Transmutation            4
   e - Blade Hands                    Transmutation                5
Comestibles
 c - 3 bread rations
 g - a meat ration
 j - 2 fruits
 k - a slice of pizza
 n - a beef jerky


   Skills:
 + Level 1.7 Fighting
 + Level 2.9 Dodging
 + Level 3.2 Unarmed Combat
 + Level 2.2 Spellcasting
 * Level 2.4 Transmutations


You had 5 spell levels left.
You knew the following spells:

 Your Spells              Type           Power        Failure   Level  Hunger
a - Beastly Appendage     Trmt           ####..       1%          1    #......


Dungeon Overview and Level Annotations

Branches:
Dungeon (2/15)

Altars:
Makhleb
Okawaru
Zin

Annotations:
D:2 Robin


Innate Abilities, Weirdness & Mutations

You cannot wear most types of armour.
You are amphibious.
You can wear up to eight rings at the same time.
You can use your tentacles to constrict eight enemies at once.
Your skin changes colour to match your surroundings (Stealth).
Your rubbery body absorbs attacks (AC +1).


Message History

You tentacle-slap the goblin. You grab the goblin.
The goblin is heavily wounded.
You constrict the goblin, but do no damage.
The goblin misses you. The goblin hits you with a dagger.
* * * LOW HITPOINT WARNING * * *
The goblin barely misses you. x2
Unknown command.
You release your grip on the goblin.
The goblin misses you.
Drink which item? (? for menu, Esc to quit)
It was a potion of might.
You feel very mighty all of a sudden. The goblin completely misses you.
The goblin barely misses you.
The goblin unwields an uncursed hunting sling.
The goblin closely misses you.
Drink which item? (? for menu, Esc to quit)
It was a potion of brilliance.
You feel clever all of a sudden.
Robin says, "Bow before me, strongest of all the hobgoblins!"
The goblin barely misses you. The goblin hits you.
You die...

####....###..# #
...........#.#
#.....##.##.# #.....##.##.#
##### #.....##.##<# #....
#.....##.##.## #.###
#.....##.##..###.... ..#
##g.................
#....###..@g###............
......gggggg# #.##.........
##...###.gg####......>.....
#. .....................
........##.............
....###....#.............
.... ...#.....>...######
#.. ##........#..## #.
#.#.##.#...##


You could see Robin and 9 goblins.

Vanquished Creatures
  An adder (D:2)
  An ooze (D:1)
  A dart slug (D:1)
  A giant gecko (D:2)
  A ball python (D:1)
  4 bats
  3 giant cockroaches (D:1)
  5 hobgoblins
  4 jackals (D:1)
  5 kobolds
  A giant newt (D:1)
  A goblin (D:1)
  4 rats
32 creatures vanquished.

Notes
Turn   | Place    | Note
--------------------------------------------------------------
     0 | D:1      | oplop the Octopode Transmuter began the quest for the Orb.
     0 | D:1      | Reached XP level 1. HP: 13/13 MP: 3/3
   241 | D:1      | Reached XP level 2. HP: 18/18 MP: 3/5
   466 | D:1      | Reached XP level 3. HP: 13/23 MP: 4/6
   478 | D:1      | HP: 1/23 [jackal (3)]
  1142 | D:2      | Found an iron altar of Okawaru.
  1547 | D:2      | Found a burning altar of Makhleb.
  1550 | D:2      | Found a glowing silver altar of Zin.
  1550 | D:2      | Noticed an angel
  1551 | D:2      | Noticed a balrug
  1629 | D:2      | Noticed Robin
  1640 | D:2      | Slain by a goblin

Action                   || total
-------------------------++-------
Melee: Unarmed           ||    83
       Constrict         ||    19
       Tentacles         ||    11
       Kick              ||    16
       Punch             ||     3
 Cast: Beastly Appendage ||    18
  Use: Potion            ||     2
 Stab: Sleeping          ||     1
  Eat: Chunk             ||     2
Armor: Skin              ||     7
Dodge: Dodged            ||    60
